 Dungeon Crawl Stone Soup version 0.19.0-1-g5985abe (webtiles) character file.

90 Ladykiller69 the Slasher (level 4, -6/38 HPs)
             Began as a Minotaur Gladiator on Nov 2, 2016.
             Was a Follower of Cheibriados.
             Mangled by Chiseanne's ghost (9 damage)
             ... on level 3 of the Dungeon.
             The game lasted 00:06:05 (1585 turns).

Ladykiller69 the Slasher (Minotaur Gladiator)       Turns: 1585, Time: 00:06:06

Health: -6/38      AC:  4    Str: 22    XL:     4   Next: 32%
Magic:  1/3        EV: 13    Int:  7    God:    Cheibriados [*.....]
Gold:   150        SH:  0    Dex: 13    Spells: 0 memorised, 3 levels left

rFire  . . .     SeeInvis .     a - +0 long sword
rCold  . . .     Gourm    .     b - +0 leather armour
rNeg   . . .     Faith    .     (no shield)
rPois  .         Spirit   .     c - +0 hat
rElec  .         Reflect  .     (no cloak)
rCorr  .         Harm     .     h - +0 pair of gloves
MR     .....                    (no boots)
Stlth  +.........               (no amulet)
                                (no ring)
                                (no ring)

@: very slow
A: retaliatory headbutt, horns 2
a: Bend Time, Renounce Religion


You were on level 3 of the Dungeon.
You worshipped Cheibriados.
Cheibriados was aware of your devotion.
You were not hungry.

You visited 1 branch of the dungeon, and saw 3 of its levels.

You collected 150 gold pieces.

Inventory:

Hand Weapons
 a - a +0 long sword (weapon)
Missiles
 d - 3 throwing nets (quivered)
 m - 53 stones
Armour
 b - a +0 leather armour (worn)
 c - a +0 hat (worn)
 h - a +0 pair of gloves (worn)
Scrolls
 e - a scroll of remove curse
 j - a scroll of recharging
 n - 3 scrolls of enchant armour {unknown}
 o - a scroll of teleportation {unknown}
 u - a scroll of fog {unknown}
 w - 2 scrolls of identify {unknown}
 x - a scroll of magic mapping {unknown}
 z - a scroll of fear {unknown}
Potions
 g - a potion of flight {unknown}
 k - a potion of brilliance {unknown}
 l - a potion of mutation {unknown}
 p - a potion of cure mutation {unknown}
 r - a potion of curing {unknown}
 v - a potion of might {unknown}
Books
 y - a book of Minor Magic

   Spells                             Type                      Level
   a - Magic Dart                     Conjuration                  1
   b - Blink                          Translocation                2
   c - Call Imp                       Summoning                    2
   d - Repel Missiles                 Charms/Air                   2
   e - Slow                           Hexes                        2
   f - Conjure Flame                  Conjuration/Fire             3
   g - Mephitic Cloud                 Conjuration/Poison/Air       3
Comestibles
 f - 5 bread rations
 i - a royal jelly
 q - 3 meat rations
 s - 6 chunks of flesh
 t - 4 fruits


   Skills:
 - Level 3.0 Fighting
 * Level 5.4 Long Blades
 - Level 2.0 Throwing
 + Level 3.8 Dodging
 + Level 0.6 Invocations


You had 3 spell levels left.
You didn't know any spells.

Dungeon Overview and Level Annotations

Branches:
Dungeon (3/15)

Altars:
Cheibriados
Gozag
Vehumet

Annotations:
D:3 Chiseanne's ghost, amateur TrIE


Innate Abilities, Weirdness & Mutations

You reflexively headbutt those who attack you in melee.
You have a pair of horns on your head.


Message History

You hit Chiseanne's ghost but do no damage.
Chiseanne's ghost is severely damaged.
Chiseanne's ghost hits you!
* * * LOW HITPOINT WARNING * * *
You barely miss Chiseanne's ghost. Your headbutt misses Chiseanne's ghost.
Chiseanne's ghost is severely damaged.
You closely miss Chiseanne's ghost.
Chiseanne's ghost is severely damaged.
Chiseanne's ghost misses you.
You hit Chiseanne's ghost but do no damage.
Chiseanne's ghost is severely damaged.
Chiseanne's ghost is no longer moving slowly.
Chiseanne's ghost misses you.
You hit Chiseanne's ghost but do no damage.
Chiseanne's ghost is severely damaged.
Chiseanne's ghost misses you.
You closely miss Chiseanne's ghost.
Chiseanne's ghost is severely damaged.
Chiseanne's ghost hits you!
You die...

# .... .....#.# #
###.# ... #.##.
##..####.# #...
....#....# #..#
.#....#### #..##
......# #...#
..###.#### ##.#.#
#..##....####..#.#
##..####..##..##@#
##.#####....###W#
#.##.....### #..
######...#...#
###.
.#..8#.......# ..
...._#...##### ..
.#..8##### #.#
###### .# ..#


You could see Chiseanne's ghost.

Vanquished Creatures
  An adder (D:2)
  2 worms
  4 dart slugs
  A leopard gecko (D:1)
  A ball python (D:1)
  2 giant cockroaches
  9 goblins
  8 hobgoblins
  3 jackals (D:2)
  A quokka (D:2)
  12 bats
  4 frilled lizards
  11 kobolds
  4 rats
63 creatures vanquished.

Notes
Turn   | Place    | Note
-------+----------+-------------------------------------------
     0 | D:1      | Ladykiller69 the Minotaur Gladiator began the quest for the Orb.
     0 | D:1      | Reached XP level 1. HP: 18/18 MP: 0/0
    59 | D:1      | Reached skill level 4 in Long Blades
    65 | D:1      | Reached XP level 2. HP: 12/25 MP: 1/1
   529 | D:1      | Reached XP level 3. HP: 29/31 MP: 2/2
   989 | D:2      | Found a snail-covered altar of Cheibriados.
   996 | D:2      | Became a worshipper of Cheibriados the Contemplative
  1037 | D:2      | Reached skill level 5 in Long Blades
  1106 | D:2      | Reached XP level 4. HP: 38/38 MP: 3/3
  1330 | D:3      | Reached * piety under Cheibriados
  1401 | D:3      | Found a radiant altar of Vehumet.
  1476 | D:3      | Found an opulent altar of Gozag.
  1565 | D:3      | Noticed Chiseanne's ghost (amateur TrIE)
  1585 | D:3      | Mangled by Chiseanne's ghost

Skill      XL: |  1  2  3 |
---------------+----------+-----
Long Blades    | 4 5 |  5.4
Fighting       | 3 |  3.0
Throwing       | |  2.0
Dodging        | |  3.8
Invocations    | |  0.6

Action                   |  1- 3 |  4- 6 || total
-------------------------+-------+-------++-------
Melee: Long sword        |    79 |    52 ||   131
       Headbutt          |    15 |     6 ||    21
Invok: Bend Time         |       |     1 ||     1
  Use: Scroll            |       |     2 ||     2
  Eat: Chunk             |     1 |     1 ||     2
Armor: Leather armour    |    28 |    13 ||    41
Dodge: Dodged            |    57 |    18 ||    75
       Rpst.: Long sword |    11 |     3 ||    14
